 Dungeon Crawl Stone Soup version 0.30-a0-782-ge64f9170bb (webtiles) character file.

Game seed: 13137594126593935663

39 Flugslaktarn the Trooper (level 3, 0/29 HPs)
             Began as a Demonspawn Fighter on Mar 7, 2023.
             Constricted to death by Robin (3 damage)
             ... on level 2 of the Dungeon.
             The game lasted 00:00:30 (916 turns).

Flugslaktarn the Trooper (Demonspawn Fighter)        Turns: 916, Time: 00:00:31

Health: 0/29       AC: 12    Str: 18    XL:     3   Next: 28%
Magic:  3/3        EV:  6    Int:  9    God:
Gold:   48         SH:  4    Dex: 12    Spells: 2/2 levels left

rFire   . . .      SeeInvis .    a - +0 war axe
rCold   . . .      Faith    .    c - +0 buckler
rNeg    . . .      Spirit   .    b - +0 scale mail
rPois   .          Reflect  .    (no helmet)
rElec   .          Harm     .    (no cloak)
rCorr   .          Rampage  .    (no gloves)
Will    .....                    (no boots) Stlth
                                 (no amulet)
HPRegen 0.24/turn                (no ring)
MPRegen 0.08/turn                (no ring)

@: grasped by roots, sanguine armoured, constricted
A: sanguine armour 1
a: no special abilities


You were on level 2 of the Dungeon.
You visited 1 branch of the dungeon, and saw 2 of its levels.

You collected 48 gold pieces.

Inventory:

Hand Weapons
 a - a +0 war axe (weapon)
Armour
 b - a +0 scale mail (worn)
 c - a +0 buckler (worn)
Scrolls
 e - a scroll of fog {unknown}
 h - a scroll of immolation {unknown}
 i - a scroll of teleportation {unknown}
Potions
 d - a potion of might
 f - a potion of berserk rage {unknown}
 g - a potion of curing {unknown}


   Skills:
 + Level 3.3 Fighting
 * Level 2.7 Axes
 + Level 3.1 Armour
 - Level 2.6 Shields


You had 2 spell levels left.
You didn't know any spells.
Your spell library was empty.

Dungeon Overview and Level Annotations

Branches:
Dungeon (2/15)

Altars:

Annotations:
D:2 Robin


Innate Abilities, Weirdness & Mutations

When seriously injured, your blood forms armour. (AC +6)


Message History

The frilled lizard bites you but does no damage.
The frilled lizard barely misses you. The goblin barely misses you.
The hobgoblin hits you.
Robin roars a battlecry!
The goblins go into a battle-frenzy!
You barely miss the hobgoblin. You hit the frilled lizard.
You kill the frilled lizard!
You closely miss the goblin. You barely miss the goblin.
The goblin hits you but does no damage.
Robin zaps a wand.
The roots erupt in riotous growth!
The hobgoblin is unaffected.
The goblin is unaffected. x3
The grasping roots grab you! The grasping roots constrict you.
You block the goblin's attack.
The hobgoblin hits you but does no damage.
You hear an angry hiss.
You have reached level 3!
Your experience leads to an increase in your attributes!
Increase (s)trength, (i)ntelligence, or (d)exterity?
You feel stronger. x2
You escape the roots grasp.
The hobgoblin attacks as you move away! The hobgoblin hits you.
The goblin attacks as you move away! The goblin hits you with a +0 dagger.
The goblin attacks as you move away! The goblin hits you but does no damage.
The goblin hits you with a +0 club.
Your blood congeals into armour.
You see here a +0 dagger.
Robin points. "Kill!"
You slash the goblin!
You kill the goblin!
You barely miss the goblin. You block the goblin's attack.
The goblin hits you but does no damage. The goblin hits you with a +0 club.
A rat comes into view.
A goblin comes into view. It is wielding a +0 dagger.
You miss the goblin. You slash the goblin!
You kill the goblin!
You barely miss the hobgoblin. The goblin hits you but does no damage.
The hobgoblin barely misses you.
You slash the goblin!
You kill the goblin!
You slash the hobgoblin!
You kill the hobgoblin!
You slash the hobgoblin!
You kill the hobgoblin!
You slash the goblin!
You kill the goblin!
You hit the rat.
You kill the rat!
You slash the goblin!
You kill the goblin!
Robin zaps a wand.
The roots erupt in riotous growth!
The grasping roots grab you! The grasping roots constrict you.
A worm comes into view.
Robin says, "Bow before me, strongest of all the hobgoblins!"
The grasping roots constrict you.
You hear an angry hiss.
You barely miss Robin. Robin throws the goblin at you!
The grasping roots constrict you.
You are too injured to fight recklessly!
You hit the goblin.
You kill the goblin!
You hit the worm. You hit Robin.
A giant cockroach comes into view.
Robin barely misses you. The grasping roots constrict you.
* * * LOW HITPOINT WARNING * * *
The worm bites you but does no damage. Robin hits you but does no damage.
The grasping roots constrict you.
* * * LOW HITPOINT WARNING * * *
The grasping roots release their grip on you.
You hit Robin.
Robin is severely wounded.
You hit the worm. Robin hits you but does no damage.
A frilled lizard comes into view.
The worm barely misses you.
Okay, then.
You see here a +0 dagger.
Robin attacks as you move away! Robin hits you with a +0 falchion.
* * * LOW HITPOINT WARNING * * *
Robin zaps a wand.
The roots erupt in riotous growth!
The grasping roots grab you! The grasping roots constrict you.
You escape the roots grasp.
Robin zaps a wand.
The roots erupt in riotous growth!
The grasping roots grab you! The grasping roots constrict you.
You escape the roots grasp.
Robin zaps a wand.
The roots erupt in riotous growth!
The grasping roots grab you! The grasping roots constrict you.
* * * LOW HITPOINT WARNING * * *
You escape the roots grasp.
You see here a +0 short sword.
Robin zaps a wand.
The roots erupt in riotous growth!
The grasping roots grab you! The grasping roots constrict you.
* * * LOW HITPOINT WARNING * * *
You escape the roots grasp.
Robin zaps a wand.
The roots erupt in riotous growth!
The grasping roots grab you! The grasping roots constrict you.
You die...

#.# #.#
#.# #.#
#.# #.#
#.# #.#
#@# ....
#.#
....####
#.#
.......#
#.#
.....[.#
#.#
$......#
#.#
.......#
#g#
#.)..#
#B#
#....#
#.#


You could see Robin and a giant cockroach.

Vanquished Creatures
  A dart slug (D:1)
  2 ball pythons
  2 bats (D:1)
  2 endoplasms (D:1)
  2 giant cockroaches (D:1)
  11 goblins
  2 hobgoblins (D:2)
  5 kobolds
  4 frilled lizards
  3 rats
34 creatures vanquished.

Notes
Turn   | Place    | Note
-------+----------+-------------------------------------------
     0 | D:1      | Flugslaktarn the Demonspawn Fighter began the quest for the
                  | Orb.
     0 | D:1      | Reached XP level 1. HP: 18/18 MP: 1/1
    74 | D:1      | Gained mutation: When seriously injured, your blood forms
                  | armour. (AC +6) [demonic ancestry]
    74 | D:1      | Reached XP level 2. HP: 24/24 MP: 2/2
   885 | D:2      | Noticed Robin
   890 | D:2      | Reached XP level 3. HP: 26/29 MP: 3/3
   905 | D:2      | HP: 1/29 [constriction (3)]
   911 | D:2      | HP: 1/29 [constriction (1)]
   916 | D:2      | Constricted to death by Robin

Illustrated notes

Levels and vault maps discovered:
D:1:      scummos_arrival_star, layout_basic
D:2:      layout_basic, uniq_robin, uniq_crazy_yiuf_cottage

Skill      XL: |  1  2 |
---------------+-------+-----
Axes           | 2 |  2.7
Armour         | 3 |  3.1
Fighting       | |  3.3
Shields        | |  2.6

Action                     || total
---------------------------++-------
  Melee: War axe           ||    60
 Armour: Scale mail        ||    40
  Dodge: Dodged            ||    25
  Block: Buckler           ||    15

Table legend: (Time is in decaauts)
 A = Elapsed time spent in this place.
 B = Non-inter-level travel time spent in this place.
 C = Inter-level travel time spent in this place.
 D = Time resting spent in this place.
 E = Time spent auto-exploring this place.
 F = Levels seen in this place.
 G = Mean time per level.
                   A        B        C        D        E       F      G
               +--------+--------+--------+--------+--------+-----+--------+
         Total |    941 |    907 |     34 |      0 |    731 |   2 |  470.5 |
       Dungeon |    941 |    907 |     34 |      0 |    731 |   2 |  470.5 |
               +--------+--------+--------+--------+--------+-----+--------+

Top non-repeatable levels by time:
     D:1: 865 daAuts
     D:2: 76 daAuts
